 Dungeon Sprint DCSS version 0.18-a0-1126-ga2d7f46 (webtiles) character file.

291 Kidiri the Covert (level 6, 0/28 HPs)
             Began as a Spriggan Enchanter on Jan 20, 2016.
             Was an Initiate of Dithmenos.
             Slain by a spatial vortex (28 damage)
             ... in the Dungeon (Sprint III: "The Ten Rune Challenge").
             The game lasted 00:02:50 (236 turns).

Kidiri the Covert (Spriggan Enchanter)               Turns: 236, Time: 00:02:51

Health: 0/28       AC:  3    Str:  2    XL:     6   Next: 10%
Magic:  2/17       EV: 24    Int: 19    God:    Dithmenos [......]
Gold:   18         SH:  0    Dex: 18    Spells: 5 memorised, 7 levels left

rFire  . . .     SeeInvis +     a - +1 dagger
rCold  . . .     Gourm    .     b - +1 robe
rNeg   . . .     Faith    .     (shield restricted)
rPois  .         Spirit   .     (helmet restricted)
rElec  .         Dismiss  .     (no cloak)
rCorr  .         Reflect  .     (gloves unavailable)
SustAt .         Harm     .     (boots unavailable)
MR     +....     NoTele   +     (no amulet)
Stlth  +++++.....               (no ring)
                                (no ring)

@: very quick, somewhat resistant to hostile enchantments, quite stealthy
A: unfitting armour, horns 1, see invisible, clever 1, herbivore 3, speed 3,
slow metabolism 2, weak 1
a: Renounce Religion


You were in the Dungeon.
You worshipped Dithmenos.
Dithmenos was noncommittal.
You were not hungry.

You visited 1 branch You collected 18 gold pieces.

Inventory:

Hand Weapons
 a - a +1 dagger (weapon)
Armour
 b - a +1 robe (worn)
Scrolls
 j - a scroll of blinking
 k - 3 scrolls of magic mapping {unknown}
 m - a scroll of holy word
 o - a scroll of remove curse
 s - a scroll of immolation {unknown}
Potions
 e - a potion of curing
 f - a potion of heal wounds
 g - a potion of haste
 h - 2 potions of magic
 i - a potion of berserk rage
 q - a potion of cure mutation
 r - 2 potions of flight
Books
 c - a book of Maledictions

   Spells                             Type                      Level
   a - Corona                         Hexes                        1
   b - Ensorcelled Hibernation        Hexes/Ice                    2
   c - Confuse                        Hexes                        3
   d - Tukima's Dance                 Hexes                        3
   e - Dazzling Spray                 Conjuration/Hexes            3
Comestibles
 d - 2 bread rations
 p - 2 royal jellies


   Skills:
 * Level 5.8 Short Blades
 + Level 2.5 Armour
 * Level 8.1 Dodging
 * Level 9.3 Stealth
 * Level 7.0 Spellcasting
 + Level 2.2 Conjurations
 + Level 5.8 Hexes
 + Level 2.2 Ice Magic
 + Level 0.0 Invocations


You had 7 spell levels left.
You knew the following spells:

 Your Spells              Type           Power        Failure   Level  Hunger
a - Corona                Hex            ####...      1%          1    None
b - Ensorcelled Hibernat  Hex/Ice        ###...       3%          2    None
c - Confuse               Hex            ####....     2%          3    #......
d - Tukima's Dance        Hex            ####....     2%          3    #......
e - Dazzling Spray        Conj/Hex       ###.....     8%          3    #......


Dungeon Overview and Level Annotations

Branches:
Dungeon (1/1)

Altars:
Dithmenos
Gozag
Makhleb
Nemelex Xobeh
Pakellas
Qazlal
Ru
Xom
Jiyva
Lugonu


Innate Abilities, Weirdness & Mutations

You are tiny and cannot use many weapons and most armour.
You have supernaturally acute eyesight.
You are a herbivore.
You cover ground extremely quickly.
You need consume almost no food.
You have a pair of small horns on your head.
Your mind is acute. (Int +2)
You are weak. (Str -2)


Message History

Aim: a spatial vortex (moderately damaged)
The spray of energy hits the spatial vortex.
The spatial vortex is moderately damaged.
Casting: Dazzling Spray
Confirm with . or Enter, or press ? or * to list all spells.
Aiming: Dazzling Spray
Press: ? - help, Shift-Dir - straight line, f/p - spatial vortex
Aim: a spatial vortex (moderately damaged)
The spray of energy hits the spatial vortex.
The spatial vortex is heavily damaged.
Casting: Dazzling Spray
Confirm with . or Enter, or press ? or * to list all spells.
Aiming: Dazzling Spray
Press: ? - help, Shift-Dir - straight line, f/p - spatial vortex
Aim: a spatial vortex (heavily damaged)
The spray of energy hits the spatial vortex.
The spatial vortex is severely damaged.
The spatial vortex hits you!!
Ouch! That really hurt!
You die...

..♣♣ ♣.# ...♣ ♣♣.#
...♣♣ ♣..# ...≈♣
♣♣.###+#+###+##
..≈≈♣♣♣♣♣.#..........#
.≈≈≈≈♣....'.⌠........#
.≈≈≈≈≈≈♣♣.#...######'#
≈≈≈≈≈≈....#.⌠.#v_#...#
≈≈≈≈≈.....#...#_@#...#
≈≈≈.......#+###__#...#
..........# #__#...+
...%......# #__'...#
▓▓▓▓▓▓▓▓▓▓▓ ▓▓▓▓▓▓▓▓


You could see a spatial vortex.

Vanquished Creatures
  A shadow (D)
  A water elemental (D)
  A jelly (D)
  Jessica (D)
  A human (D)
  An ooze (D)
  A phantom (D)
  A rat (D)
8 creatures vanquished.

Vanquished Creatures (others)
  4 plants (D)
4 creatures vanquished.

Grand Total: 12 creatures vanquished

Notes
Turn   | Place    | Note
--------------------------------------------------------------
     0 | D        | Kidiri the Spriggan Enchanter began the quest for the Orb.
     0 | D        | Reached XP level 1. HP: 9/9 MP: 5/5
    15 | D        | Noticed Jessica
    18 | D        | Killed Jessica
    18 | D        | Reached skill level 1 in Armour
    18 | D        | Reached skill level 5 in Stealth
    18 | D        | Reached XP level 2. HP: 13/13 MP: 6/8
    18 | D        | Reached XP level 3. HP: 16/16 MP: 6/9
    38 | D        | Learned a level 2 spell: Ensorcelled Hibernation
    42 | D        | Learned a level 3 spell: Confuse
    46 | D        | Learned a level 3 spell: Dazzling Spray
    70 | D        | Reached skill level 5 in Dodging
    70 | D        | Reached skill level 6 in Stealth
   144 | D        | Gained mutation: You have sharp toenails. [potion of mutation]
   144 | D        | Gained mutation: You are robust (+10% HP). [potion of mutation]
   144 | D        | Gained mutation: You are covered in fur (AC +1). [potion of mutation]
   145 | D        | Lost mutation: You are robust (+10% HP). [potion of cure mutation]
   145 | D        | Lost mutation: You have sharp toenails. [potion of cure mutation]
   145 | D        | Lost mutation: You are covered in fur (AC +1). [potion of cure mutation]
   146 | D        | Gained mutation: Your mind is acute. (Int +2) [potion of mutation]
   146 | D        | Gained mutation: You are weak. (Str -2) [potion of mutation]
   146 | D        | Gained mutation: You have a pair of small horns on your head. [potion of mutation]
   180 | D        | Noticed a water elemental
   182 | D        | Killed a water elemental
   182 | D        | Reached skill level 7 in Stealth
   182 | D        | Reached skill level 5 in Spellcasting
   182 | D        | Reached skill level 1 in Conjurations
   182 | D        | Reached skill level 5 in Hexes
   182 | D        | Reached skill level 1 in Ice Magic
   182 | D        | Reached XP level 4. HP: 21/21 MP: 10/12
   187 | D        | Learned a level 3 spell: Tukima's Dance
   197 | D        | Noticed a shadow
   199 | D        | Killed a shadow
   199 | D        | Reached skill level 5 in Short Blades
   199 | D        | Reached skill level 8 in Dodging
   199 | D        | Reached skill level 9 in Stealth
   199 | D        | Reached XP level 5. HP: 24/24 MP: 12/15
   203 | D        | Reached XP level 6. HP: 28/28 MP: 14/17
   225 | D        | Found an oddly glowing altar of Pakellas.
   225 | D        | Found a stormy altar of Qazlal.
   226 | D        | Found a sacrificial altar of Ru.
   226 | D        | Found a burning altar of Makhleb.
   226 | D        | Found a viscous altar of Jiyva.
   226 | D        | Found a shimmering altar of Xom.
   226 | D        | Found a shadowy altar of Dithmenos.
   226 | D        | Found a sparkling altar of Nemelex Xobeh.
   226 | D        | Found a corrupted altar of Lugonu.
   226 | D        | Found an opulent altar of Gozag.
   226 | D        | Noticed a spatial vortex
   230 | D        | Became a worshipper of Dithmenos the Shadowed
   236 | D        | Slain by a spatial vortex

Vault maps used:
D:        dungeon_sprint_mu

Action                   |  1- 3 |  4- 6 || total
-------------------------+-------+-------++-------
Melee: Dagger            |    12 |     3 ||    15
 Cast: Ensorcelled Hiber |     2 |       ||     2
       Corona            |     1 |       ||     1
       Dazzling Spray    |       |     5 ||     5
  Use: Scroll            |     5 |       ||     5
       Potion            |     3 |       ||     3
 Stab: Sleeping          |     5 |     2 ||     7
